 Dungeon Crawl Stone Soup version 0.18-a0-1774-gce1f7b6 (webtiles) character file.

760 namelastname112 the Sneak (level 7, 0/35 HPs)
             Began as a Vine Stalker Assassin on Apr 15, 2016.
             Slain by a gnoll
             ... wielding a +0 spear
              (7 damage)
             ... on level 6 of the Dungeon.
             The game lasted 00:05:56 (4209 turns).

namelastname112 the Sneak (Vine Stalker Assassin)   Turns: 4209, Time: 00:05:57

Health: 0/35       AC:  4    Str: 13    XL:     7   Next: 80%
Magic:  0/8        EV: 13    Int: 11    God:
Gold:   436        SH:  0    Dex: 18    Spells: 0 memorised, 6 levels left

rFire  + . .     SeeInvis .     a - +2 dagger
rCold  . . .     Gourm    .     c - +0 robe
rNeg   . . .     Faith    .     (no shield)
rPois  .         Spirit   +     (no helmet)
rElec  .         Dismiss  .     d - +0 cloak
rCorr  .         Reflect  .     r - +0 pair of gloves
SustAt .         Harm     .     (no boots)
MR     .....     Rnd*Rage +     (no amulet)
Stlth  ++++......               (no ring)
                                B - ring of protection from fire

@: not resistant to hostile enchantments, stealthy
A: fangs 2, berserk 1, regeneration 2, magic shield, antimagic bite, no device
heal 3, rot immunity
a: no special abilities


You were on level 6 of the Dungeon.
You were near starving.

You visited 1 branch of the dungeon, and saw 6 of its levels.
You also visited: Ossuary.

You collected 436 gold pieces.

Inventory:

Hand Weapons
 a - a +2 dagger (weapon)
 b - a +0 blowgun
Missiles
 e - 26 poisoned needles
 f - 2 curare-tipped needles
 k - 10 needles of confusion
Armour
 c - a +0 robe (worn)
 d - a +0 cloak (worn)
 r - a +0 pair of gloves (worn)
Jewellery
 y - an uncursed ring of ice
 B - a ring of protection from fire (left hand)
Wands
 q - a wand of iceblast (6/15)
 t - a wand of acid (10/15)
Scrolls
 i - a scroll of blinking {unknown}
 j - 9 scrolls of identify {unknown}
 l - a scroll of random uselessness {unknown}
 m - 2 scrolls of magic mapping {unknown}
 n - 2 scrolls of fear {unknown}
 o - 6 scrolls of remove curse {unknown}
 p - 2 scrolls of amnesia {unknown}
 u - 2 scrolls of recharging {unknown}
 v - a scroll of enchant armour {unknown}
 w - a scroll of noise {unknown}
 C - 2 scrolls of fog {unknown}
Potions
 s - a potion of berserk rage {unknown}
 x - 3 potions of haste {unknown}
 z - a potion of cancellation {unknown}
 A - a potion of flight {unknown}
Comestibles
 g - 4 bread rations
 h - 2 beef jerkies


   Skills:
 + Level 2.9 Fighting
 * Level 4.5 Short Blades
 + Level 3.3 Throwing
 + Level 2.4 Dodging
 * Level 7.7 Stealth


You had 6 spell levels left.
You didn't know any spells.

Dungeon Overview and Level Annotations

Branches:
Dungeon (6/15)
 Temple: D:4-7

Altars:
Okawaru
Sif Muna

Shops:
D:4 *

Annotations:
D:5 namelastname112's ghost, novice VSAs


Innate Abilities, Weirdness & Mutations

You have extremely sharp teeth.
You heal very quickly.
When hurt, damage is shared between your health and your magic reserves.
Your bite disrupts and absorbs the magic of your enemies.
Potions and wands cannot restore your health.
You are immune to rotting.
You tend to lose your temper in combat.


Message History

The gnoll sergeant hits you from afar with a trident!
* * * LOW HITPOINT WARNING * * *
You take 9 damage, and have 8/35 hp.
MASSIVE DAMAGE!!
You now have 3/8 mp.
You are too injured to fight recklessly!
You barely miss Sigmund. Your bite misses Sigmund.
Sigmund is almost dead.
The gnoll hits you from afar with a spear!
* * * LOW HITPOINT WARNING * * *
You take 6 damage, and have 2/35 hp.
You now have 1/8 mp.
You hit Sigmund. Your bite misses Sigmund.
Sigmund is almost dead.
Sigmund completely misses you. The gnoll sergeant closely misses you.
The gnoll barely misses you.
You hit Sigmund.
You kill Sigmund!
The gnoll sergeant hits you from afar with a trident.
* * * LOW HITPOINT WARNING * * *
You take 1 damage, and have 2/35 hp.
The gnoll hits you from afar with a spear!
You die...

#. #.# #.# #### #.#
####(...#. #.#
####..)......
#.######..g.#######.
#.#..gg.g####
.########..@######
..........###
######..## #..##
#.## ##.# ##### #..#
#.<.##### #.##
###.....# ##.#
#####.###### .


You could see a gnoll sergeant and 3 gnolls.

Vanquished Creatures
  Sigmund (D:6)
  A sky beast (D:4)
  2 scorpions
  3 howler monkeys
  A hound (D:6)
  An orc priest (D:3)
  A giant frog skeleton (D:5)
  A centaur skeleton (D:4)
  A worker ant (D:4)
  2 mummies (Ossuary)
  A howler monkey zombie (D:4)
  6 adders
  2 oozes
  An adder skeleton (D:4)
  3 worms (D:3)
  2 dart slugs
  2 giant geckos
  5 orcs
  A ball python (D:4)
  4 giant cockroaches
  3 gnoll zombies (Ossuary)
  4 goblins
  2 hobgoblins (D:2)
  3 kobolds
  8 bats
  A giant gecko skeleton (D:4)
  4 giant newts
  7 goblin zombies (Ossuary)
  2 hobgoblin zombies (Ossuary)
  2 orc zombies (Ossuary)
  6 rats
83 creatures vanquished.

Notes
Turn   | Place    | Note
--------------------------------------------------------------
     0 | D:1      | namelastname112 the Vine Stalker Assassin began the quest for the Orb.
     0 | D:1      | Reached XP level 1. HP: 11/11 MP: 2/2
    67 | D:1      | Reached skill level 5 in Stealth
    87 | D:1      | Reached skill level 1 in Dodging
   180 | D:1      | Reached XP level 2. HP: 15/15 MP: 3/3
   993 | D:2      | Reached XP level 3. HP: 13/18 MP: 4/4
  1441 | D:2      | Found an iron altar of Okawaru.
  1478 | D:2      | Reached XP level 4. HP: 8/23 MP: 5/5
  1720 | D:3      | HP: 1/23 [orc/steel tomahawk (5)]
  1728 | D:3      | HP: 1/23 [dart slug/slug dart (2)]
  1839 | D:4      | Reached XP level 5. HP: 26/26 MP: 6/6
  1983 | D:4      | Reached skill level 6 in Stealth
  1990 | D:4      | Gained mutation: You heal very quickly. [Vine Stalker growth]
  1990 | D:4      | Reached XP level 6. HP: 7/30 MP: 3/7
  2057 | D:4      | Noticed a sky beast
  2130 | D:4      | Found Kikhluna's General Store.
  2259 | D:4      | Found a sand-covered staircase.
  2264 | Ossuary  | Entered an ossuary
  2577 | D:4      | Killed a sky beast
  2581 | D:4      | Gained mutation: You tend to lose your temper in combat. [mutagenic meat]
  3132 | D:3      | Reached skill level 7 in Stealth
  3323 | D:3      | Found a deep blue altar of Sif Muna.
  3524 | D:3      | Reached XP level 7. HP: 35/35 MP: 8/8
  3820 | D:5      | Entered Level 5 of the Dungeon
  3861 | D:5      | Noticed namelastname112's ghost (novice VSAs)
  3926 | D:4      | HP: 1/35 [poisoned by namelastname112's ghost]
  4180 | D:6      | Noticed Sigmund
  4200 | D:6      | Killed Sigmund
  4209 | D:6      | Slain by a gnoll

Vault maps used:
D:1:      nicolae_arrival_washed_ashore
D:2:      nicolae_overflow_hidden_temple, first_bread, st_stairs_7
D:3:      lemuel_blue_sif_altar
D:4:      minmay_opposing_rooms, nicolae_ossuary_entry_plus, serial_shops, shop
D:5:      temple_pool_a, nicolae_tso_carved_into_rock
D:6:      grunt_temple_overflow_cloverleaf, uniq_sigmund, uniq_prince_ribbit1,
          uniq_eustachio
Ossuary:  minmay_ossuary_gauntlet

Skill      XL: |  1  2  3  4  5  6  7 |
---------------+----------------------+-----
Stealth        | 5 6 7 |  7.7
Dodging        | 1 2 |  2.4
Short Blades   | 2 3 4 |  4.5
Throwing       | 2 3 |  3.3
Fighting       | 2 |  2.9

Action                   |  1- 3 |  4- 6 |  7- 9 || total
-------------------------+-------+-------+-------++-------
Melee: Dagger            |    56 |   177 |    93 ||   326
       Bite              |     8 |    75 |    24 ||   107
       Unarmed           |       |    12 |       ||    12
 Fire: Blowgun           |       |       |     1 ||     1
  Use: Potion            |       |     2 |     1 ||     3
 Stab: Sleeping          |    11 |    10 |       ||    21
       Distracted        |     1 |     1 |     1 ||     3
  Eat: Chunk             |     1 |     7 |       ||     8
       Pizza             |       |     1 |       ||     1
       Beef jerky        |       |       |     1 ||     1
Armor: Robe              |    12 |    40 |    20 ||    72
       Skin              |       |    12 |       ||    12
Dodge: Dodged            |    22 |    88 |    61 ||   171
